 Dungeon Crawl Stone Soup version 0.30-a0-1002-ga41ad49a19 (webtiles) character file.

Game seed: 11798825610375776649

16147 sadpotato the Summoner (level 11, -3/74 HPs)
             Began as a Demigod Summoner on Mar 31, 2023.
             Killed from afar by a lightning spire (24 damage)
             ... with a bolt of electricity
             ... summoned by the player character
             ... on level 2 of the Lair of Beasts on Apr 5, 2023.
             The game lasted 00:54:03 (15436 turns).

sadpotato the Summoner (Demigod Summoner)          Turns: 15436, Time: 00:54:03

Health: -3/74      AC:  5    Str: 12    XL:     11   Next: 77%
Magic:  12/28      EV: 12    Int: 41    God:
Gold:   731        SH:  0    Dex: 12    Spells: 9/28 levels left

rFire   . . .      SeeInvis +    L - +7 sling of Por Nymi {elec, rPois Int+3 SInv}
rCold   . . .      Faith    .    (no shield)
rNeg    . . .      Spirit   .    a - +0 robe
rPois   +          Reflect  .    g - +2 hat
rElec   .          Rampage  .    (no cloak)
rCorr   .                        i - +0 pair of gloves
Will    +....                    (no boots)
Stlth   +++                      (no amulet)
HPRegen 0.32/turn                c - +6 ring of intelligence
MPRegen 0.21/turn                o - ring of wizardry

@: unable to drink
A: high MP 1, forlorn, divine attributes, camouflage 1, clever 1, strong 1,
inability to drink after injury 1
a: no special abilities


You were on level 2 of the Lair of Beasts.
You visited 2 branches of the dungeon, and saw 12 of its levels.
You also visited: Sewer and Bailey.

You collected 786 gold pieces.
You spent 55 gold pieces at shops.

Inventory:

Hand Weapons
 d - a +0 whip
 h - a +3 scythe of pain
 n - a +0 dagger of venom
 A - the +0 falchion "Hutumug" {freeze, rF+ rCorr Str+2 Stlth-}
   (You found it on level 4 of the Dungeon)

   Str:       It affects your strength (+2).
   rF:        It protects you from fire.
   rCorr:     It protects you from acid and corrosion.
   Stlth:     It makes you less stealthy.
 L - the +7 sling of Por Nymi (weapon) {elec, rPois Int+3 SInv}
   (You found it in a bailey)

   Int:       It affects your intelligence (+3).
   rPois:     It protects you from poison.
   SInv:      It lets you see invisible.
Missiles
 r - a boomerang of dispersal
Armour
 a - a +0 robe (worn)
 g - a +2 hat (worn)
 i - a +0 pair of gloves (worn)
 q - a +3 chain mail of cold resistance
Jewellery
 c - a +6 ring of intelligence (left hand)
 k - a ring of positive energy
 o - a ring of wizardry (right hand)
 D - a ring of willpower
 E - a ring of wizardry
 F - a ring of resist corrosion
 G - a ring of magical power
 K - a ring of see invisible
 M - a +5 ring of evasion
 P - a ring of protection from cold
Wands
 x - a wand of polymorph (11)
 y - a wand of flame (19)
 N - a wand of digging (10)
 R - a wand of iceblast (5)
Scrolls
 j - 4 scrolls of blinking
 l - a scroll of identify
 m - a scroll of noise
 p - 6 scrolls of immolation
 t - 2 scrolls of magic mapping
 u - 6 scrolls of enchant armour
 w - 6 scrolls of teleportation
 C - 3 scrolls of fear
 H - 2 scrolls of vulnerability {unknown}
 I - 4 scrolls of enchant weapon
 J - a scroll of butterflies {unknown}
Potions
 b - a potion of magic
 e - 3 potions of curing
 f - 2 potions of brilliance
 s - 2 potions of resistance
 v - 3 potions of mutation
 z - 4 potions of flight
 B - a potion of lignification {unknown}
 O - a potion of attraction {unknown}
 Q - 2 potions of berserk rage {unknown}
 S - a potion of ambrosia {unknown}


   Skills:
 - Level 5.6 Polearms
 + Level 2.8 Ranged Weapons
 - Level 1.8 Dodging
 - Level 1.8 Stealth
 + Level 9.4 Spellcasting
 - Level 2.0 Hexes
 + Level 10.6 Summonings
 + Level 8.9 Necromancy
 - Level 3.0 Air Magic


You had 9 spell levels left.
You knew the following spells:

 Your Spells              Type           Power      Damage    Failure   Level
a - Summon Small Mammal   Summ           100%       N/A       0%          1
b - Call Imp              Summ           82%        N/A       1%          2
c - Call Canine Familiar  Summ           82%        N/A       1%          3
d - Summon Guardian Gole  Hex/Summ       63%        N/A       1%          3
e - Summon Lightning Spi  Summ/Air       66%        N/A       1%          4
f - Necrotise             Necr           100%       1d9       1%          1
g - Agony                 Necr           75%        N/A       1%          5

Your spell library contained the following spells:

 Spells                   Type           Power      Damage    Failure   Level
 Beastly Appendage        Tmut           38%        N/A       1%          1
 Wereblood                Tmut           19%        N/A       1%          2
 Tukima's Dance           Hex            35%        N/A       1%          3
 Vampiric Draining        Necr           75%        2d11      1%          3
 Hailstorm                Conj/Ice       19%        3d6       2%          3
 Spider Form              Tmut/Pois      19%        N/A       2%          3
 Ice Form                 Ice/Tmut       19%        N/A       7%          4
 Passage of Golubria      Tloc           19%        N/A       7%          4
 Yara's Violent Unravell  Hex/Tmut       13%        3d7       13%         5
 Simulacrum               Ice/Necr       27%        N/A       17%         6
 Fireball                 Conj/Fire      9%         3d6       19%         5
 Iskenderun's Battlesphe  Conj           19%        2d7       19%         5
 Conjure Ball Lightning   Conj/Air       15%        3x3d6     47%         6
 Orb of Destruction       Conj           9%         9d6       99%         7


Dungeon Overview and Level Annotations

Branches:
Dungeon (10/15)            Temple (0/1) D:7            Lair (2/5) D:10
 Shoals (0/4) Lair:2        Sewer (visited)          Bailey (visited)
  Snake: Lair:2-3    Spider: Lair:2-3       Orc: D:9-12

Shops:
D:4 ?


Innate Abilities, Weirdness & Mutations

You have an increased reservoir of magic. (+10% MP)
You shall have no god before yourself.
Your divine heritage dramatically boosts your attributes as you level up.
Your skin changes colour to match your surroundings (Stealth+).
Your mind is acute. (Int +4, Str/Dex -1)
Your muscles are strong. (Str +4, Int/Dex -1)
You occasionally lose the ability to drink potions when taking damage.


Message History

The elephant tramples you!
You stumble backwards!
The elephant tramples you!
You stumble backwards!
Your white imp gestures at the elephant.
The puff of frost hits the elephant.
The elephant tramples you!
You feel threatened and lose the ability to drink potions!
* * * LOW HITPOINT WARNING * * *
You stumble backwards!
You can't go up here!
Unknown command.
The elephant closely misses you.
The elephant trunk-slaps you but does no damage.
The elephant closely misses your white imp.
The elephant barely misses your white imp.
Your white imp hits the elephant but does no damage.
The elephant attacks as you move away! The elephant misses you.
The elephant trunk-slaps you.
* * * LOW HITPOINT WARNING * * *
The elephant tramples your white imp!
Your white imp is shoved backwards!
Your white imp dies!
Your white imp disappears in a puff of smoke!
You see here a blink frog corpse.
You can drink potions again.
Found a stone staircase leading down.
Casting: Summon Guardian Golem (safe; 1% risk of failure)
Confirm with . or Enter, or press ? or * to list all spells.
A guardian golem appears, shielding your allies.
Your guardian golem disappears in a puff of smoke!
Casting: Summon Guardian Golem (safe; 1% risk of failure)
Confirm with . or Enter, or press ? or * to list all spells.
Casting: Call Canine Familiar (safe; 1% risk of failure)
Confirm with . or Enter, or press ? or * to list all spells.
An electric hum fills the air.
The elephant closely misses your warg. The elephant trunk-slaps your warg.
The elephant tramples your warg!
Your warg stumbles backwards!
Your warg completely misses the elephant.
Your lightning spire shoots out a bolt of lightning at the elephant!
The bolt of electricity hits you!!
You feel threatened and lose the ability to drink potions!
You die...

........#...#.......~...
.......#.........#~~~~.#
...........#.....##~.#~#
..................#~..~#
#................~..>.~
##.#..9.†.........~~..#
###.P..Y.†##.....#~.~~#
##....hY..##.....###.~~~
..>....@.####.....~.~..~
........8P# ###P.~P..PP~
.....#...## ##########
...###..## ..# #..# #
.... ... .... .... ..##.
.###.. ..#...


You could see 2 elephants, a friendly guardian golem (summoned), a friendly warg
(summoned, sheltered) and a friendly lightning spire (summoned, sheltered).

Vanquished Creatures
  A torpor snail (Lair:1)
  A cane toad (Lair:1)
  A komodo dragon (Lair:1)
  2 basilisks
  A black bear (D:8)
  An ice beast (D:6)
  2 orc warriors
  3 ogres
  5 centaurs
  A phantom (D:5)
  A kobold brigand (D:8)
  3 bullfrogs
  2 wights (D:8)
  A killer bee (D:8)
  An electric eel (D:9)
  2 hounds
  4 orc priests
  A jelly (D:7)
  3 iguanas
  Natasha (twice) (D:3)
  A nameless horror (D:3)
  8 adders
  2 white imps (D:7)
  An ufetubus (D:7)
  3 worms
  A dart slug (D:2)
  15 orcs
  7 ball pythons
  5 endoplasms
  6 giant cockroaches
  3 goblins
  A hobgoblin (D:4)
  2 jackals (D:5)
  3 quokkas
  A bat (D:3)
  3 frilled lizards
  7 kobolds
  3 rats
110 creatures vanquished.

Vanquished Creatures (collateral kills)
  A hydra (Lair:2)
  A two-headed ogre (D:9)
  An elephant (Lair:2)
  3 cane toads (Lair:1)
  Grinder (D:3)
  A dream sheep (Lair:1)
  3 blink frogs (Lair:2)
  Sigmund (D:2)
  2 wyverns
  9 yaks
  2 basilisks
  A steam dragon (D:9)
  5 water moccasins
  A black bear (D:7)
  A sky beast (D:6)
  12 orc warriors
  A wolf (Lair:1)
  3 ogres
  7 centaurs (Bailey)
  8 bullfrogs
  A scorpion (D:5)
  9 wights
  8 killer bees
  A howler monkey (D:8)
  3 electric eels (D:9)
  5 orc priests
  A jelly (D:6)
  2 sleepcaps (D:5)
  Jessica (D:3)
  Natasha (D:3)
  4 orc wizards
  8 adders
  2 ufetubi
  2 worms (D:2)
  4 dart slugs
  46 orcs
  5 endoplasms
  8 giant cockroaches
  3 goblins
  5 hobgoblins
  7 jackals
  8 kobolds
  9 quokkas
  13 ball pythons
  3 bats
  10 frilled lizards
  4 rats (D:1)
237 creatures vanquished.

Vanquished Creatures (others)
  2 two-headed ogres (D:10)
  The ghost of morax the Cudgeller, a novice VSFi of Qazlal (D:5)
  A troll (D:5)
  A polar bear (Lair:1)
  2 dream sheep (Lair:1)
  2 yaks
  A basilisk (D:10)
  2 killer bees (D:8)
  A bush (Lair:2)
  16 fungi
  7 plants
36 creatures vanquished.

Grand Total: 383 creatures vanquished

Notes
Turn   | Place    | Note
-------+----------+-------------------------------------------
     0 | D:1      | sadpotato the Demigod Summoner began the quest for the Orb.
     0 | D:1      | Reached XP level 1. HP: 14/14 MP: 5/5
   128 | D:1      | Reached XP level 2. HP: 17/20 MP: 4/7
   137 | D:1      | Learned a level 2 spell: Call Imp
   338 | D:1      | Reached skill level 4 in Summonings
   776 | D:1      | Reached XP level 3. HP: 21/26 MP: 9/9
   834 | D:2      | Learned a level 3 spell: Call Canine Familiar
  1345 | D:2      | Noticed Sigmund
  1375 | D:2      | Killed Sigmund
  1376 | D:2      | Reached skill level 5 in Summonings
  1376 | D:2      | Reached XP level 4. HP: 33/33 MP: 4/12
  1376 | D:2      | Reached XP level 5. HP: 38/38 MP: 4/13
  1840 | D:2      | Learned a level 3 spell: Summon Guardian Golem
  2168 | D:3      | Noticed Natasha
  2170 | D:3      | Reached XP level 6. HP: 21/45 MP: 10/15
  2170 | D:3      | Killed Natasha
  2178 | D:3      | Reached skill level 1 in Hexes
  2183 | D:3      | Learned a level 4 spell: Summon Lightning Spire
  2196 | D:3      | Found a glowing drain.
  2209 | Sewer    | Entered a sewer
  2561 | Sewer    | Reached skill level 1 in Air Magic
  2642 | D:3      | Noticed Natasha
  2657 | D:3      | Killed Natasha
  2733 | D:3      | Noticed Jessica
  2737 | D:3      | Killed Jessica
  2738 | D:3      | Reached skill level 1 in Polearms
  2738 | D:3      | Reached skill level 1 in Necromancy
  2738 | D:3      | Reached XP level 7. HP: 50/50 MP: 10/17
  2989 | D:3      | Noticed Natasha
  2992 | D:3      | Noticed Grinder
  2993 | D:3      | Killed Natasha
  3004 | D:3      | Killed Grinder
  3005 | D:3      | Reached skill level 6 in Summonings
  3244 | D:3      | Reached skill level 5 in Spellcasting
  3504 | D:4      | Identified the +0 falchion "Hutumug" {freeze, rF+ rCorr
                  | Str+2 Stlth-}
  3619 | D:4      | Reached XP level 8. HP: 57/57 MP: 12/19
  3744 | D:4      | Found Tiuzisk's Magic Scroll Shop.
  3749 | D:4      | Bought a scroll of identify for 22 gold pieces
  3749 | D:4      | Bought a scroll of teleportation for 33 gold pieces
  3757 | D:4      | Gained mutation: You occasionally lose the ability to drink
                  | potions when taking damage. [potion of mutation]
  3757 | D:4      | Gained mutation: Your skin changes colour to match your
                  | surroundings (Stealth+). [potion of mutation]
  3757 | D:4      | Gained mutation: Your mind is acute. (Int +4, Str/Dex -1)
                  | [potion of mutation]
  3757 | D:4      | Gained mutation: Your muscles are strong. (Str +4, Int/Dex
                  | -1) [potion of mutation]
  4016 | D:5      | Entered Level 5 of the Dungeon
  4411 | D:5      | Found a runed translucent gate.
  4412 | D:5      | Found a runed translucent gate.
  4413 | D:5      | Found a runed translucent gate.
  4419 | D:5      | Learned a level 1 spell: Necrotise
  4420 | D:5      | Noticed a troll
  4443 | D:5      | Noticed morax's ghost (novice VSFi)
  5077 | D:5      | Killed a troll
  5077 | D:5      | Killed morax's ghost
  5078 | D:5      | Reached skill level 7 in Summonings
  5086 | D:5      | Reached XP level 9. HP: 33/62 MP: 4/21
  6046 | D:7      | Found a flagged portal.
  6057 | Bailey   | Entered a bailey
  6228 | Bailey   | HP: 3/62 [orc warrior/+0 halberd (10)]
  6660 | Bailey   | Reached skill level 5 in Necromancy
  6661 | Bailey   | HP: 1/62 [centaur/javelin (5)]
  7041 | Bailey   | Reached skill level 5 in Polearms
  9402 | Bailey   | Reached skill level 8 in Summonings
  9660 | Bailey   | Identified the +7 sling of Por Nymi {elec, rPois Int+3
                  | SInv}
  9696 | Bailey   | Learned a level 5 spell: Agony
  9840 | D:7      | Found a staircase to the Ecumenical Temple.
  9946 | D:7      | Reached XP level 10. HP: 69/69 MP: 17/24
 11911 | D:9      | Reached skill level 9 in Summonings
 12064 | D:9      | Noticed a two-headed ogre
 12072 | D:9      | Killed a two-headed ogre
 13107 | D:10     | Entered Level 10 of the Dungeon
 13113 | D:10     | Noticed a two-headed ogre
 13123 | D:10     | Killed a two-headed ogre
 13148 | D:10     | Noticed a two-headed ogre
 13165 | D:10     | Killed a two-headed ogre
 13166 | D:10     | Reached XP level 11. HP: 74/74 MP: 6/27
 13186 | D:10     | Found a staircase to the Lair.
 13309 | Lair:1   | Entered Level 1 of the Lair of Beasts
 13316 | Lair:1   | Upgraded the game from 0.30-a0-967-g9b59a09336 to
                  | 0.30-a0-1002-ga41ad49a19
 13690 | Lair:1   | Reached skill level 10 in Summonings
 13786 | Lair:1   | Reached skill level 1 in Ranged Weapons
 14828 | Lair:2   | Noticed a seven-headed hydra
 14840 | Lair:2   | Found a staircase to the Shoals.
 15095 | Lair:2   | Killed a seven-headed hydra
 15436 | Lair:2   | Killed from afar by a lightning spire

Illustrated notes

Levels and vault maps discovered:
D:1:      scummos_arrival_checkerplants, layout_basic,
          shapermc_ecumenical_altar_starsandcircs
D:2:      layout_loops_corners, minmay_tromino_v7, uniq_sigmund
D:3:      layout_rooms, cheibrodos_sewer_entry_bend, lightli_corner_chamber,
          uniq_jessica, uniq_natasha, uniq_grinder
D:4:      layout_rooms, amcnicky_altar_gilded,
          mainiacjoe_overflow_small_starburst, serial_shops,
          kennysheep_little_box
D:5:      layout_loops_corners, gammafunk_ghost_split
D:6:      layout_basic
D:7:      layout_loops_ring, nicolae_overflow_crystal_walls,
          minmay_temple_entry_hall, enter_bailey_2
D:8:      layout_basic
D:9:      layout_basic, old_standard_altar, mainiacjoe_overflow_alcove_1,
          nicolae_overflow_two_pavilions
D:10:     layout_cave_pools, slow_altar_1, david_lair_generic, serial_shops,
          shop, dreamdust_wishing_well, kennysheep_just_a_vault
Lair:1:   layout_loops_ring, chequers_serial_rivers_micro_e, minivault_26
Lair:2:   layout_cave_pods, elwin_shoals_entry_rocks, dummy_snake_entry,
          grunt_megastairs_3

Skill      XL: |  1  2  3  4  5  6  7  8  9 10 11 |
---------------+----------------------------------+-----
Spellcasting   | 2 3 4 5 7 8 9 |  9.4
Summonings     | 4 5 6 7 8 9 10 | 10.6
Hexes          | 1 2 |  2.0
Air Magic      | 1 2 3 |  3.0
Polearms       | 1 2 3 5 |  5.6
Necromancy     | 1 2 4 5 7 8 |  8.9
Ranged Weapons | 2 |  2.8
Dodging        | |  1.8
Stealth        | |  1.8

Action                     |  1- 3 |  4- 6 |  7- 9 | 10-12 || total
---------------------------+-------+-------+-------+-------++-------
  Melee: Whip              |    61 |       |       |       ||    61
         Unarmed           |     3 |       |       |       ||     3
         Punch             |     1 |       |       |       ||     1
         Halberd           |       |    99 |   157 |     3 ||   259
   Fire: Sling             |       |       |    10 |   110 ||   120
   Cast: Summon Small Mamm |    36 |    17 |    33 |    17 ||   103
         Call Imp          |    16 |    10 |    23 |    27 ||    76
         Call Canine Famil |     1 |     6 |    25 |    36 ||    68
         Summon Lightning  |       |       |    40 |    26 ||    66
         Summon Guardian G |       |       |    11 |    28 ||    39
         Necrotise         |       |       |     1 |       ||     1
    Use: Scroll            |       |       |     9 |     4 ||    13
         Potion            |       |       |     1 |     2 ||     3
   Stab: Sleeping          |     2 |     2 |     6 |       ||    10
         Distracted        |       |       |     6 |       ||     6
 Armour: Robe              |    20 |    29 |    22 |    24 ||    95
  Dodge: Dodged            |    58 |    73 |   114 |    64 ||   309

Table legend: (Time is in decaauts)
 A = Elapsed time spent in this place.
 B = Non-inter-level travel time spent in this place.
 C = Inter-level travel time spent in this place.
 D = Time resting spent in this place.
 E = Time spent auto-exploring this place.
 F = Levels seen in this place.
 G = Mean time per level.
                   A        B        C        D        E       F      G
               +--------+--------+--------+--------+--------+-----+--------+
         Total |  15689 |  15461 |    228 |   3278 |   8611 |  14 | 1120.6 |
       Dungeon |   9251 |   9048 |    203 |    287 |   6713 |  10 |  925.1 |
          Lair |   2151 |   2127 |     24 |    155 |   1470 |   2 | 1075.5 |
         Sewer |    486 |    486 |      0 |    115 |     33 |   1 |  486.0 |
        Bailey |   3800 |   3800 |      0 |   2721 |    394 |   1 | 3800.0 |
               +--------+--------+--------+--------+--------+-----+--------+

Top non-repeatable levels by time:
  Bailey: 3800 daAuts
  Lair:1: 1749 daAuts
     D:2: 1350 daAuts
     D:9: 1329 daAuts
     D:5: 1225 daAuts
     D:8: 1093 daAuts
     D:3: 954 daAuts
     D:7: 908 daAuts
     D:1: 832 daAuts
     D:6: 818 daAuts
     D:4: 532 daAuts
   Sewer: 486 daAuts
  Lair:2: 402 daAuts
    D:10: 206 daAuts
